AoeStats
← Emperor_Napoleon

Arabia

510443576Analyzed
1v1 RM · 2d ago on Oct 1, 2026· 36m 15s· 2 players
Game mode
Random Map
Map size
Tiny (2 player)
Population
200
Speed
Normal
Resources
Standard
Victory
Conquest
Starting age
Dark Age
Ending age
Imperial Age
RankedLock teamsTeams togetherTeam positionsShared explorationLock speedFull tech treeHidden civsTurbo modeCheats
Victory
Defeat
🇨🇳 Poles · China
2569
+8
🇨🇳 Bengalis · China
2375
-8
CNZS_CC
6:37 Loom
9:11 Feudal Age
9:49 Double-Bit Axe
9:53 Horse Collar
16:37 Bloodlines
17:08 Forging
21:05 Castle Age
21:12 Scale Barding Armor
21:10 Light Cavalry
22:14 Chain Barding Armor
22:43 Bow Saw
24:29 Heavy Plow
26:08 Wheelbarrow
27:44 Husbandry
33:45 Imperial Age
33:02 Iron Casting
33:55 Hand Cart
33:26 Town Watch
35:28 Blast Furnace
33:59 Winged Hussar
35:47 Szlachta Privileges
36:06 Lechitic Legacy
36:41 Crop Rotation
37:14 Conscription
Emperor_Napoleon
5:50 Loom
8:26 Feudal Age
9:01 Double-Bit Axe
19:53 Castle Age
18:29 Horse Collar
18:45 Gold Mining
19:28 Scale Mail Armor
20:07 Pikeman
21:59 Fletching
24:09 Crossbowman
24:52 Bodkin Arrow
27:52 Wheelbarrow
27:03 Town Watch
27:36 Padded Archer Armor
28:19 Bow Saw
34:27 Imperial Age
34:30 Arbalester
35:12 Bracer
Connection lost

Rejoining the realm…

Still unreachable

The connection could not be restored.

Session expired

The server has moved on; the page needs a fresh start.